 Dungeon Crawl Stone Soup version 0.28.0-43-g3370ac3207 (webtiles) character file.

Game seed: 14850743705976792297

287 unlimited1921 the Firebug (level 6, 0/47 HPs)
             Began as a Demonspawn Fire Elementalist on Mar 10, 2022.
             Succumbed to an adder's poison
             ... on level 4 of the Dungeon.
             The game lasted 00:23:54 (7875 turns).

unlimited1921 the Firebug (DsFE)                    Turns: 7875, Time: 00:23:54

Health: 0/47       AC:  3    Str:  5 (8)  XL:     6   Next: 8%
Magic:  3/10       EV: 11    Int: 18 (19) God:
Gold:   193        SH:  0    Dex: 12 (13) Spells: 9/10 levels left

rFire   . . .      SeeInvis .   y - +1 hand axe
rCold   . . .      Faith    .   (no shield)
rNeg    . . .      Spirit   +   e - +0 leather armour
rPois   .          Reflect  .   (no helmet)
rElec   .          Harm     .   (no cloak)
rCorr   .          Rampage  .   (no gloves)
Will    .....                   (no boots)
Stlth   ++........              h - amulet of guardian spirit
HPRegen 0.15/turn               (no ring)
MPRegen 0.12/turn               (no ring)

@: lethally poisoned (0 -> -2)
A: demonic magic 1, demonic touch 1
a: no special abilities


You were on level 4 of the Dungeon.
You visited 1 branch of the dungeon, and saw 4 of its levels.

You collected 193 gold pieces.

Inventory:

Hand Weapons
 b - a +0 dagger
 l - a +0 short sword
 v - a +0 hunting sling
 y - a +1 hand axe (weapon)
Missiles
 c - 84 stones (quivered)
 i - 6 poisoned darts
 r - 46 bolts
 w - 10 sling bullets
Armour
 a - a +0 robe
 d - a +0 ring mail
 e - a +0 leather armour (worn)
 g - a +0 buckler
 z - a +0 ring mail
Jewellery
 f - a ring of ice
 h - an amulet of guardian spirit (around neck)
 u - a ring of fire
Scrolls
 n - 3 scrolls of identify


   Skills:
 * Level 3.0 Fighting
 + Level 0.4 Axes
 + Level 0.2 Throwing
 + Level 2.2 Dodging
 + Level 3.0 Stealth
 + Level 2.7 Spellcasting
 + Level 2.4 Conjurations
 + Level 3.4 Fire Magic


You had 9 spell levels left.
You knew the following spells:

 Your Spells              Type           Power      Damage    Failure   Level
a - Foxfire               Conj/Fire      52%        2x1d6     9%          1

Your spell library contained the following spells:

 Spells                   Type           Power      Damage    Failure   Level
 Scorch                   Fire           28%        2d6       11%         2
 Conjure Flame            Conj/Fire      13%        6-21      26%         3
 Blink                    Tloc           4%         N/A       38%         2
 Inner Flame              Hex/Fire       8%         N/A       38%         3
 Gell's Gravitas          Tloc           2%         N/A       63%         3
 Lesser Beckoning         Tloc           2%         N/A       63%         3
 Teleport Other           Tloc           2%         N/A       63%         3
 Flame Wave               Conj/Fire      13%        2d6       63%         4
 Manifold Assault         Tloc           2%         N/A       100%        5
 Storm Form               Tmut/Air       1%         N/A       100%        7


Dungeon Overview and Level Annotations

Branches:
Dungeon (4/15)
 Temple: D:4-7

Altars:


Innate Abilities, Weirdness & Mutations

Spells you cast may paralyse adjacent enemies.
Your touch may inflict minor irresistible damage on your foes.


Message History

Deactivating autopickup; reactivate with Ctrl-A.
You hear some strange, mumbled words.
A puff of flame appears from out of thin air!
The puff of flame hits you!
* * * LOW HITPOINT WARNING * * *
The orc priest calls down the wrath of Beogh upon you.
Pain shoots through your body!
* * * LOW HITPOINT WARNING * * *
The orc priest casts a cantrip, but nothing happens.
The adder bites you.
* * * LOW HITPOINT WARNING * * *
You are poisoned.
The adder poisons you!
As you read the scroll labelled BESUEW HIU, it crumbles to dust.
You feel aware of your surroundings.
It was a scroll of magic mapping.
You feel sick. The adder bites you.
* * * LOW HITPOINT WARNING * * *
You are lethally poisoned!
The adder poisons you!
As you read the scroll of teleportation, it crumbles to dust.
You feel strangely unstable.
* * * LOW HITPOINT WARNING * * *
You feel sick. The adder barely misses you.
* * * LOW HITPOINT WARNING * * *
You feel sick.
* * * LOW HITPOINT WARNING * * *
You feel sick. The adder barely misses you.
* * * LOW HITPOINT WARNING * * *
You feel sick.
As you read the scroll labelled XIGYLI KEHY, it crumbles to dust.
It is a scroll of enchant weapon.
Your +0 hand axe glows red for a moment.
Your surroundings suddenly seem different.
Found two stone staircases leading up.
* * * LOW HITPOINT WARNING * * *
You feel sick.
As you read the scroll labelled MOOTUI LUST, it crumbles to dust.
It is a scroll of identify.
You don't have any unidentified items.
You die...

*#### ##...##
************
*#@....#*
*,,,,,,,,,,*
#.......#
*,,,,,,,,,,*
#.......#
*,,,,,,,,,,*
#.<.....#
*,,,,,,,,,,*
##.....##*
*,,,,,,,,,,*
*........****
*****,******
*<........,,* *,*
*.......##*,*******
**,**** **,,,,,**
*,,,,,,,,


There were no monsters in sight!

Vanquished Creatures
  An orc warrior (D:4)
  An orc priest (D:4)
  2 orc wizards
  4 adders
  2 worms
  7 orcs (D:3)
  6 bats
  4 endoplasms
  7 giant cockroaches
  6 goblins (D:1)
  2 hobgoblins
  3 quokkas
  6 ball pythons
  A frilled lizard (D:2)
  7 kobolds
  4 rats
63 creatures vanquished.

Vanquished Creatures (others)
  235 foxfires
235 creatures vanquished.

Grand Total: 298 creatures vanquished

Notes
Turn   | Place    | Note
-------+----------+-------------------------------------------
     0 | D:1      | unlimited1921 the Demonspawn Fire Elementalist began the
                  | quest for the Orb.
     0 | D:1      | Reached XP level 1. HP: 13/13 MP: 3/3
   335 | D:1      | Gained mutation: Spells you cast may paralyse adjacent
                  | enemies. [demonic ancestry]
   335 | D:1      | Reached XP level 2. HP: 20/20 MP: 0/5
   680 | D:1      | Reached skill level 1 in Fighting
  2235 | D:1      | Found a faded altar of an unknown god.
  2293 | D:1      | Reached XP level 3. HP: 25/26 MP: 3/6
  4176 | D:3      | Reached XP level 4. HP: 33/33 MP: 5/7
  6820 | D:4      | Noticed an orc warrior
  6850 | D:2      | HP: 1/34 [something (2)]
  6909 | D:2      | HP: 1/34 [something (1)]
  7511 | D:3      | Reached XP level 5. HP: 30/39 MP: 3/8
  7740 | D:4      | Killed an orc warrior
  7851 | D:4      | Gained mutation: Your touch may inflict minor irresistible
                  | damage on your foes. [demonic ancestry]
  7851 | D:4      | Reached XP level 6. HP: 40/47 MP: 3/10
  7873 | D:4      | HP: 2/47 [poisoned by an adder]
  7875 | D:4      | Succumbed to an adder's poison

Illustrated notes

Levels and vault maps discovered:
D:1:      lightli_arrival_statuegarden, layout_loops_corners,
          dilly_ecumenical_altar_fadedgnrine, minmay_worlds_worst_comb
D:2:      layout_basic
D:3:      layout_basic
D:4:      layout_rooms, guppyfry_early_orc_mine

Skill      XL: |  1  2  3  4  5 |
---------------+----------------+-----
Fire Magic     | 3 |  3.4
Fighting       | 1 2 3 |  3.0
Stealth        | 2 3 |  3.0
Conjurations   | 2 |  2.4
Dodging        | 2 |  2.2
Axes           | |  0.4
Throwing       | |  0.2
Spellcasting   | |  2.7

Action                   |  1- 3 |  4- 6 || total
-------------------------+-------+-------++-------
Melee: Dagger            |    16 |     8 ||    24
       Hand axe          |       |    24 ||    24
       Punch             |       |     3 ||     3
Throw: Dart              |       |     6 ||     6
       Stone             |       |     2 ||     2
 Cast: Foxfire           |    79 |    69 ||   148
  Use: Potion            |       |     5 ||     5
       Scroll            |       |     7 ||     7
 Stab: Paralysed         |     4 |    15 ||    19
Armor: Robe              |     7 |     2 ||     9
       Skin              |       |    37 ||    37
       Leather armour    |       |     1 ||     1
Dodge: Dodged            |    19 |    25 ||    44
